 Dungeon Crawl Stone Soup version 0.21-a0-37-g7dc85f4 (webtiles) character file.

58 blackwizard the Ducker (level 3, -1/32 HPs)
             Began as a Troll Air Elementalist on May 28, 2017.
             Was an Initiate of Qazlal.
             Slain by an orc
             ... wielding a +0 mace
              (4 damage)
             ... on level 2 of the Dungeon.
             The game lasted 00:10:04 (1602 turns).

blackwizard the Ducker (Troll Air Elementalist)     Turns: 1602, Time: 00:10:04

Health: -1/32      AC:  5    Str: 17    XL:     3   Next: 76%
Magic:  4/4        EV: 10    Int: 11    God:    Qazlal [......]
Gold:   91         SH:  0    Dex: 10    Spells: 3/4 levels left

rFire    . . .     SeeInvis .   t - +0 rapier
rCold    . . .     Gourm    +   (no shield)
rNeg     . . .     Faith    .   a - +0 robe
rPois    +         Spirit   .   (helmet restricted)
rElec    .         Reflect  .   (no cloak)
rCorr    .         Harm     .   (gloves unavailable)
MR       .....                  (boots unavailable)
Stlth    +.........             (no amulet)
Regen    0.5/turn               n - ring of poison resistance
MPRegen  0.1/turn               (no ring)

@: very slightly contaminated
A: unfitting armour, claws 3, fast metabolism 3, gourmand, regeneration 1,
shaggy fur 1, tough skin 2
a: Renounce Religion


You were on level 2 of the Dungeon.
You worshipped Qazlal.
Qazlal was noncommittal.
You were full.

You visited 1 branch of the dungeon, and saw 3 of its levels.

You collected 91 gold pieces.

Inventory:

Hand Weapons
 e - a +0 spear
 t - a +0 rapier (weapon)
Missiles
 g - 18 poisoned needles
 h - 20 bolts
 i - 19 stones (quivered)
 j - 3 curare-tipped needles
 k - 30 arrows
 r - 15 sling bullets
Armour
 a - a +0 robe (worn)
Jewellery
 n - a ring of poison resistance (left claw)
Scrolls
 d - 4 scrolls of identify {unknown}
 l - a scroll of fog {unknown}
 m - 2 scrolls of teleportation {unknown}
 o - a scroll of immolation {unknown}
 s - a scroll of enchant weapon {unknown}
 u - a scroll of blinking {unknown}
 v - a scroll of enchant armour {unknown}
Potions
 f - 3 potions of curing {unknown}
 q - a potion of lignification {unknown}
Books
 b - a book of Air

   Spells                             Type                      Level
   a - Shock                          Conjuration/Air              1
   b - Swiftness                      Charms/Air                   2
   c - Static Discharge               Conjuration/Air              3
   d - Airstrike                      Air                          4
   e - Lightning Bolt                 Conjuration/Air              5


   Skills:
 + Level 0.4 Fighting
 + Level 0.2 Short Blades
 + Level 0.7 Polearms
 + Level 2.5 Dodging
 + Level 1.1 Stealth
 + Level 1.4 Spellcasting
 + Level 0.6 Conjurations
 + Level 2.2 Air Magic


You had 3 spell levels left.
You knew the following spells:

 Your Spells              Type           Power        Failure   Level  Hunger
a - Shock                 Conj/Air       #...         17%         1    ##.....


Dungeon Overview and Level Annotations

Branches:
Dungeon (3/15)

Altars:
Qazlal


Innate Abilities, Weirdness & Mutations

You are too large for most types of armour.
You have claws for hands.
Your metabolism is lightning-fast.
You like to eat raw meat.
Your natural rate of healing is unusually fast.
You are covered in fur. (AC +1)
You have very tough skin. (AC +2)


Message History

A puff of flame appears from out of thin air!
The puff of flame hits you!
* * * LOW HITPOINT WARNING * * *
Something hits you but does no damage.
You closely miss something. The orc closely misses you. Something hits you.
* * * LOW HITPOINT WARNING * * *
You completely miss the orc. The orc misses you. Something hits you.
* * * LOW HITPOINT WARNING * * *
You hit the orc.
The orc is severely wounded.
The orc closely misses you.
You hear some strange, mumbled words.
A puff of flame appears from out of thin air!
The puff of flame hits you!
* * * LOW HITPOINT WARNING * * *
Unknown command.
Something hits you but does no damage.
You miss something. The orc hits you with a mace.
You die...

#..............#
#..............#
#..............#
#....###.#...#####
#.... #..###.....#
# #... #.##
#..##.### ## #...
#.# ##......###.
#.. ##.#
#####...... #@.#
#.....#
#o################
#.##..............
#...#...#...#...#.
##.#...............
#..###...#...#...#.
#.###..............
#.# ###############
#.# #......##...#


You could see an orc.

Vanquished Creatures
  An ooze (D:1)
  A worm (D:2)
  3 dart slugs
  3 orcs
  4 giant cockroaches
  4 goblins
  2 hobgoblins
  8 kobolds
  7 bats
  8 rats
41 creatures vanquished.

Notes
Turn   | Place    | Note
-------+----------+-------------------------------------------
     0 | D:1      | blackwizard the Troll Air Elementalist began the quest for the Orb.
     0 | D:1      | Reached XP level 1. HP: 16/16 MP: 1/1
   134 | D:1      | Reached XP level 2. HP: 24/24 MP: 3/3
   437 | D:1      | Reached XP level 3. HP: 29/31 MP: 4/4
  1165 | D:2      | Found a stormy altar of Qazlal.
  1176 | D:2      | Became a worshipper of Qazlal Stormbringer
  1472 | D:3      | Paralysed by fainting for 9 turns
  1494 | D:3      | Paralysed by fainting for 9 turns
  1600 | D:2      | HP: 1/32 [something/puff of flame (4)]
  1602 | D:2      | Slain by an orc

Vault maps used:
D:1:      tarquinn_simple_flora_water_b, serial_glass, glass_columns_a,
          glass_columns_b, glass_columns_a, glass_columns_a, item_on_display_a,
          minmay_strange_pillars, due_unseen_surprise, moated_statue,
          minmay_tetromino_i2
D:2:      lemuel_coloured_pillars_altar, first_bread, grunt_ministairs_9
D:3:      makhleb_blood_cavern_becter, minmay_surrounded

Skill      XL: |  1  2 |
---------------+-------+-----
Dodging        | 2 |  2.5
Fighting       | |  0.4
Short Blades   | |  0.2
Polearms       | |  0.7
Stealth        | |  1.1
Spellcasting   | |  1.4
Conjurations   | |  0.6
Air Magic      | |  2.2

Action                   || total
-------------------------++-------
Melee: Spear             ||   127
       Unarmed           ||     3
       Rapier            ||    35
 Cast: Shock             ||     7
 Stab: Sleeping          ||     1
  Eat: Chunk             ||     4
       Bread ration      ||     3
Armor: Robe              ||   261
Dodge: Dodged            ||   300
